 Dungeon Crawl Stone Soup version 0.21-a0-632-g1e37ce5 (webtiles) character file.

77 seren the Chucker (level 4, -1/48 HPs)
             Began as an Ogre Hunter on Dec 27, 2017.
             Killed from afar by an orc wizard (8 damage)
             ... with a magic dart
             ... on level 2 of the Dungeon.
             The game lasted 00:10:15 (2291 turns).

seren the Chucker (Ogre Hunter)                     Turns: 2291, Time: 00:10:16

Health: -1/48      AC:  4    Str: 16    XL:     4   Next: 34%
Magic:  13/13      EV: 10    Int: 12    God:
Gold:   118        SH:  0    Dex: 10    Spells: 3/3 levels left

rFire    . . .     SeeInvis .   k - +0 whip
rCold    . . .     Gourm    .   (no shield)
rNeg     . . .     Faith    .   b - +0 robe
rPois    .         Spirit   .   (helmet restricted)
rElec    .         Reflect  .   e - +0 cloak
rCorr    .         Harm     .   (gloves unavailable)
MR       .....                  (boots unavailable)
Stlth    +.........             (no amulet)
HPRegen  0.16/turn              i - ring of magical power
MPRegen  0.13/turn              (no ring)

@: no status effects
A: large, unfitting armour, tough skin 1
a: no special abilities


You were on level 2 of the Dungeon.
You were very hungry.

You visited 1 branch of the dungeon, and saw 3 of its levels.

You collected 118 gold pieces.

Inventory:

Hand Weapons
 k - a +0 whip (weapon)
Missiles
 c - 5 large rocks
 d - 2 throwing nets {!f}
 g - 5 stones (quivered)
Armour
 b - a +0 robe (worn)
 e - a +0 cloak (worn)
 o - a +2 robe of cold resistance
Jewellery
 i - a ring of magical power (left hand)
 s - an uncursed ring of poison resistance {unknown}
 t - an uncursed ring of fire {unknown}
Scrolls
 j - 6 scrolls of identify {unknown}
 l - a scroll of fog {unknown}
 m - a scroll of blinking {unknown}
 n - a scroll of enchant armour {unknown}
 q - a scroll of remove curse {unknown}
Potions
 a - 2 potions of magic {unknown}
 p - 5 potions of curing {unknown}
 r - a potion of flight {unknown}
 u - 2 potions of lignification {unknown}
 v - a potion of resistance {unknown}
Books
 h - a book of Changes

   Spells                             Type                      Level
   a - Beastly Appendage              Transmutation                1
   b - Sticks to Snakes               Transmutation                2
   c - Spider Form                    Transmutation/Poison         3
   d - Ice Form                       Ice/Transmutation            4
   e - Blade Hands                    Transmutation                5
Comestibles
 f - 8 rations


   Skills:
 + Level 3.8 Fighting
 * Level 1.4 Maces & Flails
 + Level 4.5 Throwing
 + Level 2.4 Dodging
 - Level 0.6 Stealth


You had 3 spell levels left.
You didn't know any spells.

Dungeon Overview and Level Annotations

Branches:
Dungeon (3/15)

Altars:
Nemelex Xobeh
Yredelemnul


Innate Abilities, Weirdness & Mutations

You are too large for most types of armour.
You have tough skin. (AC +1)


Message History

You closely miss the orc wizard.
The orc wizard is moderately wounded.
The orc wizard barely misses you. The orc wizard hits you with a dagger.
* * * LOW HITPOINT WARNING * * *
You hit the orc wizard.
The orc wizard is severely wounded.
The orc wizard hits you but does no damage.
You closely miss the orc wizard.
The orc wizard is severely wounded.
The orc wizard casts a spell.
The orc wizard blinks!
The orc wizard hits you with a dagger.
* * * LOW HITPOINT WARNING * * *
The orc wizard points at you and mumbles some strange words.
The magic dart hits you!
* * * LOW HITPOINT WARNING * * *
You completely miss the orc wizard.
The orc wizard is severely wounded.
The orc wizard gestures at you while chanting.
The magic dart hits you!
You die...

##.# #.# ###.###. ##.# #.# ##.#
#. #..# #.# #..# #. #.## #.# #.##
#. #.####.# #.# #. .....#.# #.#
#. .......# #.# #. #.##.###
##############.# #. #.#...#
#..@o>.......รท.# #. #<#...#
#.############## #. #.#...####
##.....# #.
.........####...##.#############.
.................................
.........####...#................
##.....#######.##################
#.....##......# ##..>###.######


You could see an orc wizard.

Vanquished Creatures
  3 adders (D:2)
  A dart slug (D:1)
  2 leopard geckos
  2 orcs
  5 bats
  5 hobgoblins
  3 jackals (D:2)
  A quokka (D:2)
  A frilled lizard (D:1)
  2 gnoll zombies (D:2)
  6 goblins
  6 kobolds
  5 rats (D:1)
42 creatures vanquished.

Notes
Turn   | Place    | Note
-------+----------+-------------------------------------------
     0 | D:1      | seren the Ogre Hunter began the quest for the Orb.
     0 | D:1      | Reached XP level 1. HP: 22/22 MP: 1/1
   321 | D:1      | Reached XP level 2. HP: 23/31 MP: 2/2
   900 | D:2      | Reached XP level 3. HP: 37/37 MP: 3/3
  1317 | D:2      | Reached skill level 1 in Maces & Flails
  1448 | D:2      | Found a basalt altar of Yredelemnul.
  1603 | D:2      | Reached XP level 4. HP: 31/48 MP: 4/4
  1978 | D:2      | Found a sparkling altar of Nemelex Xobeh.
  2211 | D:3      | Noticed an ogre
  2291 | D:2      | Killed from afar by an orc wizard

Vault maps used:
D:1:      dpeg_arrival_shelter, minmay_tiny_reverse_x
D:2:      lemuel_zombie_altar_yredelemnul, marbit_many_paths,
          kennysheep_nondescript, minmay_octomino_e4
D:3:      lemuel_crystal_altar, first_ration

Skill      XL: |  1  2  3 |
---------------+----------+-----
Fighting       | 3 |  3.8
Dodging        | 2 |  2.4
Maces & Flails | 1 |  1.4
Throwing       | |  4.5
Stealth        | |  0.6

Action                   |  1- 3 |  4- 6 || total
-------------------------+-------+-------++-------
Melee: Short sword       |    38 |       ||    38
       Whip              |    70 |    30 ||   100
Throw: Large rock        |     7 |       ||     7
       Stone             |    78 |    17 ||    95
  Eat: Chunk             |     2 |     1 ||     3
Armor: Robe              |    52 |     7 ||    59
Dodge: Dodged            |    99 |    13 ||   112

Table legend:
 A = Spawn XP
 B = Non-spawn XP
 C = Spawn XP percentage of total XP
 D = Spawn monster count
 E = Non-spawn monster count
 F = Spawn count percentage of total count
 G = Total turns spent on level
                    A         B        C        D         E        F      G
               +---------+---------+-------+---------+---------+-------+---------
         Total |       0 |     111 |   0.0 |       0 |      42 |   0.0 |  2291
               +---------+---------+-------+---------+---------+-------+---------
           D:1 |       0 |      32 |   0.0 |       0 |      20 |   0.0 |   885
           D:2 |       0 |      75 |   0.0 |       0 |      20 |   0.0 |  1371
           D:3 |       0 |       4 |   0.0 |       0 |       2 |   0.0 |    35
               +---------+---------+-------+---------+---------+-------+---------
